 Dungeon Crawl Stone Soup version 0.30-a0-365-ge7f957f1db (webtiles) character file.

Game seed: 10733258289279092867

1601 mopl the Magician (level 8, -2/46 HPs)
             Began as an Octopode Hedge Wizard on Nov 16, 2022.
             Was a Follower of Vehumet.
             Slain by a steam dragon (3 damage)
             ... on level 8 of the Dungeon.
             The game lasted 00:12:40 (6492 turns).

mopl the Magician (Octopode Hedge Wizard)           Turns: 6492, Time: 00:12:41

Health: -2/46      AC:  1    Str: 19    XL:     8   Next: 94%
Magic:  16/18      EV: 13    Int: 18    God:    Vehumet [*.....]
Gold:   166        SH:  0    Dex: 11    Spells: 13/21 levels left

rFire   . . .      SeeInvis .    a - +7 rapier "Huluteq" {venom, Fragile Fly Str+3}
rCold   . . .      Faith    .    (no shield)
rNeg    + . .      Spirit   .    b - +0 hat
rPois   +          Reflect  .    e - amulet of regeneration
rElec   .          Harm     .    o - ring of poison resistance
rCorr   .          Rampage  .    y - ring of positive energy
Will    .....                    v - +6 ring of strength
Stlth   +++.......               (no ring)
HPRegen 1.07/turn                (no ring)
MPRegen 0.16/turn                (no ring)
                                 (no ring)
                                 (no ring)

@: flying
A: almost no armour, amphibious, 8 rings, camouflage 1, gelatinous body 1,
(nimble swimmer 1), tentacles
a: Renounce Religion


You were on level 8 of the Dungeon.
You worshipped Vehumet.
Vehumet was aware of your devotion.
You visited 2 branches of the dungeon, and saw 9 of its levels.

You collected 376 gold pieces.
You spent 210 gold pieces at shops.

Inventory:

Hand Weapons
 a - the +7 rapier "Huluteq" (weapon) {venom, Fragile Fly Str+3}
   (You found it on level 5 of the Dungeon)

   It poisons the flesh of those it strikes.
   Str:       It affects your strength (+3).
   Fly:       It grants you flight.
   Fragile:   It will be destroyed if unequipped.
 A - a +0 dagger
Missiles
 g - 8 poisoned darts
 p - 3 atropa-tipped darts
 t - 2 throwing nets
 u - 7 boomerangs
 H - 3 boomerangs of dispersal
 I - 6 javelins
Armour
 b - a +0 hat (worn)
Magical Staves
 s - a staff of conjuration
 z - a staff of cold
Jewellery
 e - an amulet of regeneration (around mantle)
 o - a ring of poison resistance (left tentacle)
 v - a +6 ring of strength (on tentacle)
 y - a ring of positive energy (right tentacle)
Wands
 C - a wand of flame (25)
Scrolls
 d - 3 scrolls of teleportation {unknown}
 h - 3 scrolls of fear {unknown}
 i - a scroll of amnesia {unknown}
 j - 3 scrolls of poison {unknown}
 n - a scroll of magic mapping {unknown}
 q - 2 scrolls of butterflies {unknown}
 x - a scroll of enchant armour {unknown}
 E - a scroll of summoning {unknown}
 G - a scroll of noise {unknown}
Potions
 c - 2 potions of magic
 f - 2 potions of brilliance
 k - 3 potions of might
 l - 5 potions of heal wounds
 m - 2 potions of mutation {!q}
 r - a potion of resistance
 w - a potion of flight
 B - a potion of haste {unknown}
 D - a potion of invisibility {unknown}
 F - 4 potions of curing


   Skills:
 - Level 2.0 Dodging
 - Level 2.6 Stealth
 * Level 7.1 Spellcasting
 * Level 7.0 Conjurations
 * Level 0.0 Hexes
 - Level 1.0 Summonings
 - Level 3.0 Translocations
 - Level 3.0 Poison Magic
 + Level 1.7 Evocations


You had 13 spell levels left.
You knew the following spells:

 Your Spells              Type           Power      Damage    Failure   Level
a - Magic Dart            Conj           100%       1d8       1%          1
b - Ensorcelled Hibernat  Hex/Ice        12%        N/A       16%         2
c - Mephitic Cloud        Conj/Pois/Air  18%        N/A       9%          3
e - Blink                 Tloc           34%        N/A       4%          2

Your spell library contained the following spells:

 Spells                   Type           Power      Damage    Failure   Level
 Shock                    Conj/Air       76%        1d7       2%          1
 Slow                     Hex            24%        N/A       11%         1
 Call Imp                 Summ           10%        N/A       11%         2
 Cigotuvi's Dreadful Rot  Necr/Pois/Air  20%        N/A       11%         2
 Passwall                 Tmut/Erth      5%         N/A       16%         2
 Portal Projectile        Hex/Tloc       22%        N/A       17%         3
 Manifold Assault         Tloc           17%        N/A       30%         4
 Swiftness                Air            6%         N/A       32%         3
 Tukima's Dance           Hex            6%         N/A       32%         3
 Blade Hands              Tmut           3%         N/A       96%         5
 Storm Form               Tmut/Air       3%         N/A       100%        7


Dungeon Overview and Level Annotations

Branches:
Dungeon (8/15)             Temple (1/1) D:4
   Lair: D:8-11

Altars:
Ashenzari
Cheibriados
Dithmenos
Elyvilon
Fedhas
Gozag
Hepliaklqana
Kikubaaqudgha
Makhleb
Qazlal
Sif Muna
Uskayaw
Vehumet
Wu Jian
Xom
Yredelemnul
Zin

Shops:
D:7 !

Annotations:
D:6 exclusions: ogre, steam dragon, troll and two-headed ogre
D:7 Joseph


Innate Abilities, Weirdness & Mutations

You cannot wear most types of armour.
You are amphibious.
You can wear up to eight rings at the same time.
Your skin changes colour to match your surroundings (Stealth+).
Your rubbery body absorbs attacks. (AC +1, EV +1)
((You are camouflaged when in or above water. (Stealth+)))
You have tentacles for arms and can constrict up to eight enemies at once.


Message History

You add the spells Manifold Assault and Storm Form to your library.
Okay, then.
Unknown command.
Unknown command.
Memorise Ensorcelled Hibernation, consuming 2 spell levels and leaving 13?
You start memorising the spell.
You continue memorising. x2
You finish memorising.
Spell assigned to 'b'.
A steam dragon comes into view.
Found a stone staircase leading down.
The steam dragon hisses angrily.
You closely miss the steam dragon. The steam dragon bites you!
The steam dragon barely misses you.
You hit the steam dragon.
The steam dragon is poisoned.
The steam dragon is lightly wounded.
The steam dragon breathes steam at you. The ball of steam hits you!
You hear an angry hiss. x3
You are too injured to fight recklessly!
You are too injured to fight recklessly!
You are too injured to fight recklessly!
Casting: Magic Dart (safe; 1% risk of failure)
Confirm with . or Enter, or press ? or * to list all spells.
You blink.
Found 8 gold pieces.
You barely miss the steam dragon.
The steam dragon is lightly wounded.
The steam dragon misses you. The steam dragon claws you.
You puncture the steam dragon!
The steam dragon is moderately wounded.
The steam dragon bites you!
* * * LOW HITPOINT WARNING * * *
The steam dragon closely misses you.
You hit the steam dragon. You squeeze the steam dragon.
The steam dragon is severely wounded.
You feel stable enough to blink again. The steam dragon closely misses you.
The steam dragon claws you.
* * * LOW HITPOINT WARNING * * *
The steam dragon bites you!
* * * LOW HITPOINT WARNING * * *
The steam dragon claws you.
You die...

#.####.#.#####.##.##
#.# #.# # #.# #.#
#.#. #.# #.#. #.#
###.#.#####.#
#...........#
........D.ยงยง##.
...#@....... .
#..#..#.# #..#.....#
...#.##### >.#.#.#
... .#.# $. .# ..#
.#


You could see a steam dragon (very poisoned).

Vanquished Creatures
  A water moccasin (D:7)
  An orc warrior (D:7)
  A kobold brigand (D:7)
  2 bullfrogs
  3 scorpions
  7 wights
  2 howler monkeys
  2 jellies
  2 orc priests
  4 hounds
  3 iguanas
  An orc wizard (D:3)
  4 gnolls
  10 adders
  A shadow imp (D:5)
  A worm (D:2)
  18 orcs
  9 ball pythons
  5 endoplasms
  7 giant cockroaches
  5 goblins
  9 hobgoblins
  3 jackals (D:1)
  5 quokkas
  5 bats
  3 frilled lizards
  14 kobolds
  6 rats
134 creatures vanquished.

Notes
Turn   | Place    | Note
-------+----------+-------------------------------------------
     0 | D:1      | mopl the Octopode Hedge Wizard began the quest for the Orb.
     0 | D:1      | Reached XP level 1. HP: 11/11 MP: 4/4
   111 | D:1      | Reached XP level 2. HP: 14/17 MP: 6/6
   612 | D:1      | Reached XP level 3. HP: 20/21 MP: 7/7
   674 | D:1      | Reached skill level 2 in Conjurations
   684 | D:1      | Learned a level 2 spell: Blink
   930 | D:2      | Reached XP level 4. HP: 27/27 MP: 9/9
  1242 | D:2      | Reached skill level 2 in Translocations
  1707 | D:3      | Reached skill level 4 in Spellcasting
  1732 | D:3      | Found an ornate altar of the Wu Jian Council.
  1736 | D:3      | Reached XP level 5. HP: 31/31 MP: 11/11
  1837 | D:3      | Found a glowing silver altar of Zin.
  2203 | D:4      | You fall into a shaft and drop 2 floors!
  2206 | D:5      | Entered Level 5 of the Dungeon
  2211 | D:6      | Reached skill level 3 in Conjurations
  2549 | D:4      | Reached XP level 6. HP: 33/36 MP: 12/12
  2552 | D:4      | Found a hide-covered altar of Uskayaw.
  2622 | D:4      | Found a staircase to the Ecumenical Temple.
  2748 | Temple   | Entered the Ecumenical Temple
  2777 | Temple   | Became a worshipper of Vehumet
  3107 | D:3      | Reached skill level 4 in Conjurations
  3368 | D:5      | Reached skill level 3 in Translocations
  3384 | D:5      | Reached skill level 5 in Spellcasting
  3395 | D:5      | Learned a level 3 spell: Mephitic Cloud
  3422 | D:5      | Reached XP level 7. HP: 26/41 MP: 11/14
  3606 | D:5      | Reached skill level 1 in Poison Magic
  3678 | D:5      | Found a hazy altar of Hepliaklqana.
  3732 | D:5      | Identified the +7 rapier "Huluteq" {venom, Fragile Fly
                  | Str+3}
  3928 | D:6      | Noticed a troll
  4060 | D:6      | Noticed a two-headed ogre
  4069 | D:6      | Noticed a steam dragon
  4077 | D:6      | Reached skill level 5 in Conjurations
  4121 | D:6      | Reached skill level 2 in Poison Magic
  4229 | D:6      | Reached XP level 8. HP: 36/46 MP: 7/16
  4300 | D:6      | Reached skill level 6 in Spellcasting
  4317 | D:6      | Found a shimmering blue altar of Sif Muna.
  5672 | D:7      | Reached skill level 6 in Conjurations
  5672 | D:7      | Reached skill level 3 in Poison Magic
  5838 | D:7      | Found Uvuosa's Distillery.
  5851 | D:7      | Bought a potion of curing for 42 gold pieces
  5851 | D:7      | Bought a potion of attraction for 42 gold pieces
  5852 | D:7      | Bought a potion of curing for 42 gold pieces
  5852 | D:7      | Bought a potion of curing for 42 gold pieces
  5852 | D:7      | Bought a potion of curing for 42 gold pieces
  5863 | D:7      | Noticed Joseph
  5992 | D:7      | Reached skill level 1 in Evocations
  6009 | D:7      | Reached * piety under Vehumet
  6009 | D:7      | Offered knowledge of Shock by Vehumet.
  6020 | D:7      | Reached skill level 7 in Spellcasting
  6296 | D:7      | Reached skill level 7 in Conjurations
  6483 | D:8      | Learned a level 2 spell: Ensorcelled Hibernation
  6492 | D:8      | HP: 1/46 [steam dragon (7)]
  6492 | D:8      | Slain by a steam dragon

Illustrated notes

Levels and vault maps discovered:
D:1:      dpeg_arrival_rooms_c, layout_loops_corners, kennysheep_minor_cross,
          minmay_misc_feat_roman
D:2:      kennysheep_big_flooded_room, layout_loops_corners,
          small_statue_intersection, nicolae_concentric_dashed_squares_mild,
          minmay_domino_4
D:3:      layout_rooms, nicolae_wu_jian_wuxing_cycle,
          mainiacjoe_overflow_six_doors_small
D:4:      layout_loops_corners, lemuel_tele_altar, minmay_temple_entry_arrows
D:5:      layout_rooms, worldfamousw_hep_ancestral_shrine
D:6:      layout_basic, led_sif_pool
D:7:      layout_loops_cross, trog_wizard, serial_shops, nicolae_shop_stone,
          uniq_joseph
D:8:      layout_basic, gammafunk_ghost_smash, minmay_gold_behind_fungi,
          nicolae_zen_rock_garden, hangedman_misty_isle
Temple:   minmay_temple_bridge_abc

Skill      XL: |  1  2  3  4  5  6  7  8 |
---------------+-------------------------+-----
Conjurations   | 2 3 4 5 7 |  7.0
Translocations | 2 3 |  3.0
Spellcasting   | 4 5 7 |  7.1
Poison Magic   | 2 3 |  3.0
Evocations     | 1 |  1.7
Dodging        | |  2.0
Stealth        | |  2.6
Summonings     | |  1.0

Action                   |  1- 3 |  4- 6 |  7- 9 || total
-------------------------+-------+-------+-------++-------
Melee: Dagger            |    99 |   206 |    21 ||   326
       Constrict         |    22 |    37 |    21 ||    80
       Tentacles         |    18 |    33 |    18 ||    69
       Punch             |     1 |     3 |     3 ||     7
       Rapier            |       |       |    62 ||    62
Throw: Dart              |       |     2 |       ||     2
 Cast: Blink             |       |     3 |     4 ||     7
       Magic Dart        |       |    25 |    66 ||    91
       Mephitic Cloud    |       |       |     2 ||     2
  Use: Potion            |       |     1 |       ||     1
       Scroll            |       |       |     6 ||     6
 Stab: Sleeping          |     9 |    10 |    10 ||    29
Armor: Skin              |    12 |    14 |     5 ||    31
Dodge: Dodged            |    65 |   142 |    81 ||   288

Table legend: (Time is in decaauts)
 A = Elapsed time spent in this place.
 B = Non-inter-level travel time spent in this place.
 C = Inter-level travel time spent in this place.
 D = Time resting spent in this place.
 E = Time spent auto-exploring this place.
 F = Levels seen in this place.
 G = Mean time per level.
                   A        B        C        D        E       F      G
               +--------+--------+--------+--------+--------+-----+--------+
         Total |   6508 |   6299 |    209 |    390 |   4681 |   9 |  723.1 |
       Dungeon |   6457 |   6269 |    188 |    390 |   4681 |   8 |  807.1 |
        Temple |     50 |     29 |     21 |      0 |      0 |   1 |   50.0 |
               +--------+--------+--------+--------+--------+-----+--------+

Top non-repeatable levels by time:
     D:6: 1955 daAuts
     D:4: 874 daAuts
     D:2: 835 daAuts
     D:7: 781 daAuts
     D:1: 772 daAuts
     D:3: 637 daAuts
     D:5: 569 daAuts
  Temple: 50 daAuts
     D:8: 31 daAuts
